[Event "3rd Memorial Warakomska 2019"]
[Site "Suwalki"]
[Date "2019.08.05"]
[Round "1.4"]
[White "Budrewicz, Krzysztof"]
[Black "Markowski, Tomasz"]
[Result "0-1"]
[ECO "E16"]
[WhiteElo "2188"]
[BlackElo "2537"]
[Annotator "RC"]
[PlyCount "96"]
[EventDate "2019.08.05"]
[EventType "swiss"]
[EventCountry "POL"]
[TimeControl "40/5400+30:1800+30"]

1. d4 e6 2. c4 Nf6 3. Nf3 b6 4. g3 Bb7 5. Bg2 Bb4+ 6. Nbd2 O-O 7. O-O Be7 8. b3 d6 9. Bb2 Nbd7 10. Qc2 c5 11. Rad1 Qc7 12. Qb1 a6 13. h3 b5 14. Rfe1 cxd4 15. Nxd4 Bxg2 16. Kxg2 bxc4 17. Nxc4 d5 18. Nd2 Rfc8 19. Qa1 Qb7 20. Kg1 Bb4 21. Rf1 Qb6 22. Kg2 Qb7 23. Kg1 h6 24. Nb1 e5 25. Nf3 d4 26. Ne1 Nd5 27. Nd3 Ba5 28. Na3 Nc3 29. Bxc3 Bxc3 30. Qb1 e4 31. Nf4 Ne5 32. Ng2 Rc5 33. Nc2 Rd8 34. Nce1 Rcc8 35. f4 Nd7 36. Nc2 Nf6 37. Na3 Qa7 38. Kh2 Qc5 39. Nc4 Qh5 40. g4 Nxg4+ 41. Kg3 Nf6 42. Qc2 Qg6+ 43. Kh2 Nh5 44. e3 Qg3+ 45. Kg1 Nf6 46. Qf2 Qxh3 47. exd4 Ng4 48. Qh4 Bxd4+ 0-1

[Event "3rd Memorial Warakomska 2019"]
[Site "Suwalki"]
[Date "2019.08.05"]
[Round "1.11"]
[White "Sadzikowski, Daniel"]
[Black "Kiolbasa, Oliwia"]
[Result "1-0"]
[ECO "A50"]
[WhiteElo "2503"]
[BlackElo "2239"]
[Annotator "RC"]
[PlyCount "113"]
[EventDate "2019.08.05"]
[EventType "swiss"]
[EventCountry "POL"]
[TimeControl "40/5400+30:1800+30"]

1. c4 b6 2. d4 Nf6 3. Nc3 Bb7 4. Qc2 d5 5. cxd5 Nxd5 6. Nf3 e6 7. e4 Nxc3 8. bxc3 Be7 9. Bb5+ c6 10. Bd3 c5 11. O-O cxd4 12. cxd4 O-O 13. Bb2 Nc6 14. a3 Rc8 15. Qe2 Na5 16. Rad1 Bf6 17. g3 Rc7 18. h4 Qa8 19. h5 Rd8 20. h6 gxh6 21. d5 Bxb2 22. Qxb2 exd5 23. Nd4 Nc4 24. Bxc4 dxc4 25. Nf5 c3 26. Qe2 f6 27. Qg4+ Kh8 28. Qf4 Rf7 29. Nd6 Rxd6 30. Rxd6 Qf8 31. Rc1 Bxe4 32. Rxc3 Kg7 33. Rd4 Bg6 34. Rdc4 Qe7 35. Rc7 Qe1+ 36. Kh2 h5 37. R3c6 Qa1 38. Rxf7+ Bxf7 39. Rd6 Qb2 40. g4 hxg4 41. Qxg4+ Kh6 42. Qf4+ Kg7 43. Qg3+ Kh6 44. Rd7 Qb3 45. Rxa7 Qxg3+ 46. Kxg3 Bc4 47. Rc7 Bd3 48. Rc6 b5 49. Rxf6+ Kg5 50. Rd6 Bc4 51. Rc6 Be2 52. Rc5+ Kf6 53. Kf4 h5 54. Rc6+ Ke7 55. Kg5 Kd7 56. Rh6 Bf3 57. Rf6 1-0

[Event "3rd Memorial Warakomska 2019"]
[Site "Suwalki"]
[Date "2019.08.05"]
[Round "1.20"]
[White "Sharankov, Grigory"]
[Black "Caspi, Israel"]
[Result "0-1"]
[ECO "A46"]
[WhiteElo "2221"]
[BlackElo "2458"]
[Annotator "RC"]
[PlyCount "64"]
[EventDate "2019.08.05"]
[EventType "swiss"]
[EventCountry "POL"]
[TimeControl "40/5400+30:1800+30"]

1. d4 Nf6 2. Nf3 d5 3. c4 e6 4. cxd5 exd5 5. Nc3 c6 6. Bf4 Bf5 7. e3 Nbd7 8. Bd3 Bxd3 9. Qxd3 Be7 10. h3 O-O 11. O-O Re8 12. Ne5 Nxe5 13. Bxe5 Bd6 14. Bxd6 Qxd6 15. a3 a5 16. Rac1 Ne4 17. Nxe4 Rxe4 18. Rc5 a4 19. Qc3 h5 20. Qb4 Qd7 21. Ra5 Rxa5 22. Qxa5 b5 23. Rc1 Re6 24. Qa8+ Kh7 25. h4 Rf6 26. Qa5 Qg4 27. g3 Qe2 28. Qe1 Qxb2 29. Rc3 g6 30. Rd3 Kg7 31. Kg2 Qc2 32. Rd2 Qc3 0-1

[Event "3rd Memorial Warakomska 2019"]
[Site "Suwalki"]
[Date "2019.08.05"]
[Round "1.22"]
[White "Zaika, Daniil"]
[Black "Barski, Radoslaw"]
[Result "0-1"]
[ECO "E67"]
[WhiteElo "2216"]
[BlackElo "2468"]
[Annotator "RC"]
[PlyCount "119"]
[EventDate "2019.08.05"]
[EventType "swiss"]
[EventCountry "POL"]
[TimeControl "40/5400+30:1800+30"]

1. d4 Nf6 2. c4 g6 3. g3 Bg7 4. Bg2 O-O 5. Nc3 d6 6. Nf3 Nbd7 7. O-O e5 8. h3 a6 9. Re1 Rb8 10. a4 Re8 11. e4 exd4 12. Nxd4 a5 13. Ndb5 Nc5 14. Bf4 Be6 15. b3 Nfd7 16. Qc2 Na6 17. Rad1 Nb4 18. Qb1 c6 19. Bxd6 cxb5 20. Nxb5 Rc8 21. f4 Qb6+ 22. Kh2 Nf6 23. Bxb4 axb4 24. Nd6 h5 25. e5 Nd7 26. Nxb7 h4 27. g4 Qf2 28. Qe4 Qg3+ 29. Kg1 Qxb3 30. Nd6 Nc5 31. Qb1 Qxb1 32. Rxb1 b3 33. Bd5 Red8 34. Nxc8 Rxc8 35. a5 Rc7 36. Red1 Bd7 37. Bf3 g5 38. a6 gxf4 39. Ra1 Ra7 40. Ra5 Bf8 41. Rb1 Bc8 42. Bd1 Bxa6 43. g5 Rd7 44. Bxb3 Rd3 45. Bc2 Rg3+ 46. Kf2 Bxc4 47. Rb8 Ne6 48. Bf5 Kg7 49. g6 Bc5+ 50. Rxc5 Nxc5 51. Rb4 Be6 52. Bb1 fxg6 53. Rxf4 Rb3 54. Bxg6 Kxg6 55. Rxh4 Kf5 56. Rh5+ Kf4 57. Rh4+ Kxe5 58. Ke2 Ne4 59. Rh5+ Kd4 60. Ke1 0-1

[Event "3rd Memorial Warakomska 2019"]
[Site "Suwalki"]
[Date "2019.08.05"]
[Round "1.26"]
[White "Lisowski, Krzysztof"]
[Black "Grib, Roman"]
[Result "0-1"]
[ECO "B52"]
[WhiteElo "2187"]
[BlackElo "2421"]
[Annotator "RC"]
[PlyCount "80"]
[EventDate "2019.08.05"]
[EventType "swiss"]
[EventCountry "POL"]
[TimeControl "40/5400+30:1800+30"]

1. e4 c5 2. Nf3 d6 3. Bb5+ Bd7 4. c4 Nc6 5. O-O Nf6 6. d3 g6 7. h3 Bg7 8. Be3 O-O 9. Qd2 a6 10. Ba4 Qa5 11. Nc3 Rfb8 12. Bh6 b5 13. cxb5 axb5 14. Bb3 Qb4 15. Bc2 Nd4 16. Nxd4 Bxh6 17. Qxh6 cxd4 18. Nd1 Be6 19. a3 Qc5 20. Rc1 Rc8 21. f4 Qh5 22. Qxh5 Nxh5 23. g4 Ng7 24. Nf2 f5 25. Rfe1 Kf7 26. Kf1 b4 27. axb4 Rab8 28. Bb1 Rxc1 29. Rxc1 Rxb4 30. Rc2 Bb3 31. Rc1 Ne6 32. gxf5 gxf5 33. exf5 Nxf4 34. Ne4 Bd5 35. Ng5+ Kf6 36. Nxh7+ Kxf5 37. Rc2 Kg6 38. Nf8+ Kg7 39. Nd7 Rb7 40. Rf2 e5 0-1

[Event "3rd Memorial Warakomska 2019"]
[Site "Suwalki"]
[Date "2019.08.05"]
[Round "1.37"]
[White "Licznerski, Lukasz"]
[Black "Szczurek, Krzysztof"]
[Result "1-0"]
[ECO "B06"]
[WhiteElo "2328"]
[BlackElo "2104"]
[Annotator "NA RC"]
[PlyCount "93"]
[EventDate "2019.08.05"]
[EventType "swiss"]
[EventCountry "POL"]
[TimeControl "40/5400+30:1800+30"]

1. e4 g6 2. d4 Bg7 3. Nf3 d6 4. Bc4 Nf6 5. Qe2 O-O 6. h3 c6 7. Bb3 e5 8. dxe5 dxe5 9. O-O Qe7 10. c3 Nbd7 11. Nbd2 Nc5 12. Bc2 Nh5 13. Nc4 b6 14. b4 Ne6 15. g3 Nc7 16. Kg2 Ba6 17. a4 Bb7 18. Be3 c5 19. bxc5 bxc5 20. Na5 Bc8 21. Rfd1 Ne6 22. Rab1 f5 23. exf5 gxf5 24. Nxe5 Bxe5 25. Qxh5 Bxc3 26. Qf3 f4 27. gxf4 Bxa5 28. Qxa8 Nxf4+ 29. Kh1 Bxh3 30. Rg1+ Ng6 31. Qe4 Qxe4+ 32. Bxe4 Bb4 33. Rbc1 Bf5 34. Bd5+ Kg7 35. Bxc5 Bxc5 36. Rxc5 Kf6 37. Rc7 Ke5 38. Bg2 Nf4 39. Rxa7 Rf6 40. Re1+ Kd4 41. Rd1+ Nd3 42. a5 Ke5 43. Rd2 Kf4 44. a6 Rh6+ 45. Kg1 Rg6 46. Rxd3 Bxd3 47. Rf7+ 1-0

[Event "3rd Memorial Warakomska 2019"]
[Site "Suwalki"]
[Date "2019.08.05"]
[Round "1.38"]
[White "Hoffmann, Yair"]
[Black "Zylka, Stanislaw"]
[Result "0-1"]
[ECO "D93"]
[WhiteElo "2099"]
[BlackElo "2308"]
[Annotator "NA RC"]
[PlyCount "96"]
[EventDate "2019.08.05"]
[EventType "swiss"]
[EventCountry "POL"]
[TimeControl "40/5400+30:1800+30"]

1. d4 Nf6 2. c4 g6 3. Nc3 d5 4. Nf3 Bg7 5. Bf4 O-O 6. e3 c5 7. dxc5 Qa5 8. Rc1 dxc4 9. Bxc4 Nc6 10. O-O Qxc5 11. Bb3 Qa5 12. h3 Bf5 13. Qe2 Qb4 14. g4 Bd7 15. Rfd1 Rad8 16. Bc7 Rc8 17. Bg3 h6 18. e4 Be6 19. e5 Nh7 20. Nd5 Bxd5 21. Bxd5 Nd4 22. Nxd4 Rxc1 23. Rxc1 Qxd4 24. Rd1 Qb6 25. h4 Rd8 26. Bb3 Rxd1+ 27. Qxd1 Nf8 28. Kg2 e6 29. Qd3 Qc6+ 30. Qf3 Qc7 31. Qe3 Nd7 32. f4 b5 33. g5 h5 34. Bf2 a6 35. Qe4 Qc8 36. Bd1 Bf8 37. Bf3 Qc1 38. Qc6 Qd2 39. Kg3 Kg7 40. b3 Ba3 41. Qxa6 Bc5 42. Bxc5 Nxc5 43. Qb6 Nd3 44. Qd4 b4 45. Bb7 Qc3 46. Qd8 Nxe5+ 47. Kg2 Ng4 48. Kf1 Qe3 0-1

[Event "3rd Memorial Warakomska 2019"]
[Site "Suwalki"]
[Date "2019.08.05"]
[Round "1.39"]
[White "Kulon, Klaudia"]
[Black "Klimkowski, Jan"]
[Result "1-0"]
[ECO "A30"]
[WhiteElo "2331"]
[BlackElo "1985"]
[Annotator "NA RC"]
[PlyCount "65"]
[EventDate "2019.08.05"]
[EventType "swiss"]
[EventCountry "POL"]
[TimeControl "40/5400+30:1800+30"]

1. c4 c5 2. g3 Nc6 3. Bg2 g6 4. e3 Bg7 5. Ne2 e5 6. Nbc3 Nge7 7. a3 d6 8. Rb1 a5 9. O-O O-O 10. h3 Be6 11. Nd5 f5 12. d3 Kh8 13. Bd2 g5 14. f4 Ng6 15. fxg5 Rb8 16. h4 e4 17. dxe4 fxe4 18. Rxf8+ Qxf8 19. h5 Nge7 20. Nef4 Bf5 21. g4 Bc8 22. Bxe4 Ne5 23. h6 Bxg4 24. Qf1 Bxh6 25. gxh6 Qxh6 26. Nxe7 Qg5 27. Qg2 Qxe7 28. Bc3 Be6 29. Kf2 Rg8 30. Qh2 Qf7 31. Qxh7+ Qxh7 32. Bxh7 Kxh7 33. Bxe5 1-0

[Event "3rd Memorial Warakomska 2019"]
[Site "Suwalki"]
[Date "2019.08.05"]
[Round "1.45"]
[White "Fiedorek, Michal"]
[Black "Czarniecka, Aleksandra"]
[Result "1-0"]
[ECO "B80"]
[WhiteElo "2241"]
[BlackElo "2042"]
[Annotator "NA"]
[PlyCount "81"]
[EventDate "2019.08.05"]
[EventType "swiss"]
[EventCountry "POL"]
[SourceTitle "playchess.com"]
[Source "ChessBase"]
[SourceQuality "1"]
[TimeControl "40/5400+30:1800+30"]

1. e4 c5 2. Nf3 d6 3. d4 cxd4 4. Nxd4 Nf6 5. Nc3 e6 6. Be3 Nc6 7. f3 Be7 8. Qd2 O-O 9. O-O-O d5 10. exd5 Nxd5 11. Nxd5 Qxd5 12. Nb3 Qxd2+ 13. Rxd2 Nb4 14. Kb1 Nd5 15. Bc5 Bxc5 16. Nxc5 b6 17. Ne4 Bb7 18. Bb5 Nc7 19. Ba4 Bxe4 20. fxe4 b5 21. Rd7 Rac8 22. Bb3 a5 23. a4 b4 24. Rhd1 Na6 25. Ra7 Ra8 26. Rdd7 Nc5 27. Rxf7 Rxa7 28. Rxa7 Nxb3 29. cxb3 Rf4 30. e5 Rf2 31. Rxa5 Rxg2 32. Ra8+ Kf7 33. a5 Rd2 34. a6 Rd5 35. a7 Ra5 36. Kc2 Kg6 37. Kd3 Kg5 38. Kc4 Kg4 39. Kxb4 Ra1 40. Kc5 g5 41. b4 1-0

[Event "3rd Memorial Warakomska 2019"]
[Site "Suwalki"]
[Date "2019.08.06"]
[Round "2.1"]
[White "Kosakowski, Jakub"]
[Black "Iturrizaga Bonelli, Eduardo"]
[Result "1-0"]
[ECO "B42"]
[WhiteElo "2394"]
[BlackElo "2625"]
[Annotator "ChessBase"]
[PlyCount "79"]
[EventDate "2019.08.05"]
[EventType "swiss"]
[EventCountry "POL"]
[SourceTitle "playchess.com"]
[Source "ChessBase"]
[SourceQuality "1"]
[TimeControl "40/5400+30:1800+30"]

1. e4 c5 2. Nf3 e6 3. d4 cxd4 4. Nxd4 a6 5. Bd3 Qc7 6. O-O Nf6 7. Qe2 d6 8. f4 g6 9. Nc3 Bg7 10. e5 dxe5 11. Ndb5 axb5 12. Nxb5 Qe7 13. fxe5 O-O 14. exf6 Bxf6 15. c3 Nc6 16. Be3 Bg5 17. Bb6 Nb8 18. b4 Nd7 19. Bc7 Ra6 20. Rad1 Nf6 21. Be5 Nd5 22. Bd4 Rc6 23. Be4 Rd8 24. c4 Nf4 25. Qc2 e5 26. Bf2 Rxd1 27. Rxd1 Bg4 28. Re1 Ra6 29. c5 Be6 30. a3 f5 31. Bd3 Nxd3 32. Qxd3 e4 33. Qc3 Qd7 34. Nd6 Bd5 35. b5 Ra8 36. Qe5 Qe6 37. Qxe6+ Bxe6 38. Nxb7 Rxa3 39. c6 e3 40. Bg3 1-0

[Event "3rd Memorial Warakomska 2019"]
[Site "Suwalki"]
[Date "2019.08.06"]
[Round "2.2"]
[White "Markowski, Tomasz"]
[Black "Skawinski, Arkadiusz"]
[Result "1-0"]
[ECO "D05"]
[WhiteElo "2537"]
[BlackElo "2398"]
[Annotator "ChessBase"]
[PlyCount "81"]
[EventDate "2019.08.05"]
[EventType "swiss"]
[EventCountry "POL"]
[SourceTitle "playchess.com"]
[Source "ChessBase"]
[SourceQuality "1"]
[TimeControl "40/5400+30:1800+30"]

1. Nf3 d5 2. d4 e6 3. e3 Nf6 4. Bd3 c5 5. b3 Nc6 6. Bb2 b6 7. O-O Bd6 8. Nbd2 Bb7 9. a3 O-O 10. dxc5 bxc5 11. c4 Qe7 12. Qc2 h6 13. Rac1 a5 14. cxd5 exd5 15. Nh4 Be5 16. Nf5 Qe6 17. Nf3 Bxb2 18. Qxb2 Ba6 19. Bxa6 Rxa6 20. Ng3 Ne4 21. Rfd1 Rb6 22. Qc2 f5 23. Ne2 Ne7 24. Nf4 Qd6 25. Nd2 Nxd2 26. Rxd2 Rd8 27. g3 Qb8 28. Rcd1 Rxb3 29. Nxd5 Nxd5 30. Rxd5 Rxd5 31. Rxd5 Rb1+ 32. Kg2 Qb7 33. Qxf5 Rd1 34. e4 Rxd5 35. Qxd5+ Qxd5 36. exd5 Kf7 37. Kf3 Ke7 38. Ke4 Kd6 39. f4 h5 40. h3 a4 41. g4 {Kxd5+} 1-0

[Event "3rd Memorial Warakomska 2019"]
[Site "Suwalki"]
[Date "2019.08.06"]
[Round "2.3"]
[White "Tihonov, Jurij"]
[Black "Nasuta, Grzegorz"]
[Result "1/2-1/2"]
[ECO "A10"]
[WhiteElo "2393"]
[BlackElo "2529"]
[Annotator "ChessBase"]
[PlyCount "64"]
[EventDate "2019.08.05"]
[EventType "swiss"]
[EventCountry "POL"]
[SourceTitle "playchess.com"]
[Source "ChessBase"]
[SourceQuality "1"]
[TimeControl "40/5400+30:1800+30"]

1. c4 g6 2. Nf3 Bg7 3. e4 e5 4. d4 exd4 5. Nxd4 Nf6 6. Nc3 O-O 7. Be3 c6 8. Be2 Re8 9. Bf3 d6 10. Nb3 Be6 11. Be2 Nbd7 12. Qxd6 Ng4 13. Bxg4 Bxg4 14. f3 Be6 15. O-O-O Qc8 16. Bd4 Bf8 17. Qg3 c5 18. Be3 Nb6 19. Na5 Nxc4 20. Nxc4 Bxc4 21. e5 Qe6 22. f4 Red8 23. Qf3 b5 24. Rxd8 Rxd8 25. Rd1 Rxd1+ 26. Qxd1 Qc6 27. b3 Be6 28. Qd8 Qd7 29. Qxd7 Bxd7 30. Ne4 Bc6 31. Nxc5 Bxg2 32. b4 Bxc5 1/2-1/2

[Event "3rd Memorial Warakomska 2019"]
[Site "Suwalki"]
[Date "2019.08.06"]
[Round "2.4"]
[White "Lewtak, Damian"]
[Black "Shyam, Sundar M."]
[Result "1/2-1/2"]
[ECO "A06"]
[WhiteElo "2354"]
[BlackElo "2520"]
[Annotator "ChessBase"]
[PlyCount "56"]
[EventDate "2019.08.05"]
[EventType "swiss"]
[EventCountry "POL"]
[SourceTitle "playchess.com"]
[Source "ChessBase"]
[SourceQuality "1"]
[TimeControl "40/5400+30:1800+30"]

1. Nf3 d5 2. b3 Bg4 3. e3 e5 4. h3 Bxf3 5. Qxf3 Nf6 6. Bb2 Bd6 7. Nc3 c6 8. e4 d4 9. Ne2 a5 10. c3 c5 11. Ng3 g6 12. a4 O-O 13. Bb5 Na6 14. O-O Nc7 15. Bc4 Qe7 16. cxd4 cxd4 17. d3 Nfe8 18. Bc1 Ng7 19. Bh6 Qh4 20. Bxg7 Kxg7 21. Rfc1 h5 22. Rc2 Qe7 23. Nf1 Rac8 24. Qe2 Bb4 25. Rac1 Ba3 26. Ra1 Bb4 27. Rac1 Ba3 28. Ra1 Bb4 1/2-1/2

[Event "3rd Memorial Warakomska 2019"]
[Site "Suwalki"]
[Date "2019.08.06"]
[Round "2.5"]
[White "Jakubowski, Krzysztof"]
[Black "Kaczmarek, Aleksander"]
[Result "0-1"]
[ECO "A28"]
[WhiteElo "2528"]
[BlackElo "2389"]
[Annotator "ChessBase"]
[PlyCount "116"]
[EventDate "2019.08.05"]
[EventType "swiss"]
[EventCountry "POL"]
[SourceTitle "playchess.com"]
[Source "ChessBase"]
[SourceQuality "1"]
[TimeControl "40/5400+30:1800+30"]

1. c4 e5 2. Nc3 Nf6 3. Nf3 Nc6 4. e3 Be7 5. a3 O-O 6. b4 d6 7. Qc2 Re8 8. Bb2 Bf8 9. Bd3 h6 10. h3 Qe7 11. Ne4 g6 12. Nxf6+ Qxf6 13. Be4 Bg7 14. O-O Qe7 15. d4 Nd8 16. dxe5 dxe5 17. c5 c6 18. Nd2 f5 19. Bd3 Kh7 20. Nc4 Nf7 21. Rfd1 Be6 22. e4 f4 23. Be2 Qg5 24. Rd3 Re7 25. Rad1 Rf8 26. a4 Qh4 27. Nd2 Ng5 28. Nf3 Nxf3+ 29. Bxf3 h5 30. Be2 Ref7 31. Bf1 f3 32. g3 Qxe4 33. Qd2 Qf5 34. Rd6 Re7 35. b5 Bb3 36. Ra1 Bd5 37. a5 a6 38. bxa6 bxa6 39. Re1 Bh6 40. Qc3 Bg7 41. Qb4 Rff7 42. Bxa6 Ra7 43. Bf1 Rab7 44. Qa3 Qg5 45. Rd1 Rb3 46. Qa1 h4 47. Bc1 Qxg3+ 48. Kh1 Qxf2 49. Qa4 Qg3 50. R6xd5 f2 51. Qg4 cxd5 52. a6 e4 53. Bg5 Qxg4 54. hxg4 d4 55. c6 Be5 56. Ra1 Rg3 57. Bg2 e3 58. Bxh4 Rxg4 0-1

[Event "3rd Memorial Warakomska 2019"]
[Site "Suwalki"]
[Date "2019.08.06"]
[Round "2.6"]
[White "Zylka, Stanislaw"]
[Black "Zakhartsov, Viacheslav V."]
[Result "1/2-1/2"]
[ECO "B81"]
[WhiteElo "2308"]
[BlackElo "2518"]
[Annotator "ChessBase"]
[PlyCount "96"]
[EventDate "2019.08.05"]
[EventType "swiss"]
[EventCountry "POL"]
[SourceTitle "playchess.com"]
[Source "ChessBase"]
[SourceQuality "1"]
[TimeControl "40/5400+30:1800+30"]

1. e4 c5 2. Nf3 e6 3. d4 cxd4 4. Nxd4 Nf6 5. Nc3 d6 6. g4 h6 7. Rg1 Nc6 8. Be3 a6 9. h4 h5 10. gxh5 Rxh5 11. Bg5 Rh8 12. Qd2 Qb6 13. Nb3 Bd7 14. O-O-O Qc7 15. Be2 b5 16. a3 Rb8 17. Kb1 b4 18. axb4 Nxb4 19. f4 Qb6 20. e5 Nfd5 21. Nxd5 Nxd5 22. f5 dxe5 23. fxe6 Bxe6 24. Bc4 Nf6 25. Bxe6 Qxe6 26. Qa5 Bb4 27. Qa4+ Kf8 28. Na5 Bxa5 29. Qxa5 Ne8 30. Qc5+ Kg8 31. b3 f6 32. Bc1 Rxh4 33. Ba3 Rc8 34. Qf8+ Kh7 35. Rh1 Rh3 36. Qe7 Qf5 37. Rxh3+ Qxh3 38. Qb7 Qe6 39. Rh1+ Kg8 40. Qb4 Nc7 41. Qh4 f5 42. Qh7+ Kf7 43. Rh5 Nd5 44. Rxf5+ Nf6 45. Qh5+ Kg8 46. Rxe5 Qc6 47. Qf5 Re8 48. Rxe8+ Qxe8 1/2-1/2

[Event "3rd Memorial Warakomska 2019"]
[Site "Suwalki"]
[Date "2019.08.06"]
[Round "2.7"]
[White "Greenfeld, Alon"]
[Black "Kowalski, Igor"]
[Result "1-0"]
[ECO "A05"]
[WhiteElo "2522"]
[BlackElo "2320"]
[Annotator "ChessBase"]
[PlyCount "75"]
[EventDate "2019.08.05"]
[EventType "swiss"]
[EventCountry "POL"]
[SourceTitle "playchess.com"]
[Source "ChessBase"]
[SourceQuality "1"]
[TimeControl "40/5400+30:1800+30"]

1. Nf3 Nf6 2. c4 g6 3. Nc3 Bg7 4. g3 c6 5. e4 O-O 6. Bg2 d5 7. cxd5 cxd5 8. e5 Ne4 9. O-O Nc6 10. d4 Nxc3 11. bxc3 Na5 12. Bf4 Bf5 13. Nh4 Be6 14. Qd3 Rc8 15. Bd2 f5 16. Nf3 Bd7 17. h4 Nc4 18. Rfb1 b6 19. h5 gxh5 20. Bg5 Qe8 21. Nh4 e6 22. Bf3 Na3 23. Rb3 Bb5 24. Qd2 Nc4 25. Qf4 Ba4 26. Bf6 Bxb3 27. axb3 Na5 28. b4 Nc6 29. Qg5 Rc7 30. Bxh5 Qc8 31. Ng2 Nd8 32. Nf4 Rb7 33. Kg2 Qxc3 34. Rd1 Rd7 35. Bf3 h6 36. Qg6 Qxb4 37. Nh5 Rff7 38. Bxg7 1-0

[Event "3rd Memorial Warakomska 2019"]
[Site "Suwalki"]
[Date "2019.08.06"]
[Round "2.8"]
[White "Wiewiora, Eneasz"]
[Black "Sadzikowski, Daniel"]
[Result "1/2-1/2"]
[ECO "C55"]
[WhiteElo "2344"]
[BlackElo "2503"]
[Annotator "ChessBase"]
[PlyCount "48"]
[EventDate "2019.08.05"]
[EventType "swiss"]
[EventCountry "POL"]
[SourceTitle "playchess.com"]
[Source "ChessBase"]
[SourceQuality "1"]
[TimeControl "40/5400+30:1800+30"]

1. e4 e5 2. Nf3 Nc6 3. Bc4 Nf6 4. d3 h6 5. c3 d6 6. O-O g5 7. Re1 Bg7 8. a4 a5 9. Na3 O-O 10. Nc2 d5 11. exd5 Nxd5 12. d4 Nb6 13. Bb3 Re8 14. Nxe5 Nxe5 15. dxe5 Qxd1 16. Rxd1 Be6 17. Bxe6 Rxe6 18. f4 gxf4 19. Nd4 Rxe5 20. Bxf4 Rc5 21. Nb5 Rc8 22. Be3 Re5 23. Bxb6 cxb6 24. Re1 Rc4 1/2-1/2

[Event "3rd Memorial Warakomska 2019"]
[Site "Suwalki"]
[Date "2019.08.06"]
[Round "2.9"]
[White "Zakhartsov, Vladimir"]
[Black "Licznerski, Lukasz"]
[Result "1/2-1/2"]
[ECO "A48"]
[WhiteElo "2493"]
[BlackElo "2328"]
[Annotator "ChessBase"]
[PlyCount "93"]
[EventDate "2019.08.05"]
[EventType "swiss"]
[EventCountry "POL"]
[SourceTitle "playchess.com"]
[Source "ChessBase"]
[SourceQuality "1"]
[TimeControl "40/5400+30:1800+30"]

1. d4 Nf6 2. Nf3 g6 3. c4 Bg7 4. g3 d5 5. cxd5 Nxd5 6. Bg2 Nb6 7. O-O Nc6 8. e3 e5 9. Nc3 exd4 10. exd4 O-O 11. Bg5 Qd7 12. Qc1 Nxd4 13. Nxd4 Qxd4 14. Rd1 Qb4 15. Re1 Be6 16. Bxb7 Rab8 17. Bg2 Nc4 18. Nd5 Bxd5 19. Bxd5 Nxb2 20. Be7 Qd4 21. Bxf8 Nd3 22. Qe3 Qxe3 23. Rxe3 Bxa1 24. Bh6 Ne5 25. Bf4 Rb5 26. Bb3 Kg7 27. h4 f6 28. Kg2 Bd4 29. Re4 c5 30. g4 h6 31. g5 hxg5 32. hxg5 Rb7 33. Bg3 Nf7 34. gxf6+ Bxf6 35. Re6 Nh6 36. Ra6 Nf5 37. Bd5 Rd7 38. Be6 Rb7 39. Bc8 Rf7 40. Be6 Rb7 41. Bd5 Rd7 42. Bc6 Re7 43. Bb8 c4 44. Rxa7 Rxa7 45. Bxa7 c3 46. Be4 Nd4 47. Bxd4 1/2-1/2

[Event "3rd Memorial Warakomska 2019"]
[Site "Suwalki"]
[Date "2019.08.06"]
[Round "2.10"]
[White "Ashwath, R.."]
[Black "Janik, Igor"]
[Result "1/2-1/2"]
[ECO "E21"]
[WhiteElo "2365"]
[BlackElo "2495"]
[Annotator "ChessBase"]
[PlyCount "115"]
[EventDate "2019.08.05"]
[EventType "swiss"]
[EventCountry "POL"]
[SourceTitle "playchess.com"]
[Source "ChessBase"]
[SourceQuality "1"]
[TimeControl "40/5400+30:1800+30"]

1. d4 Nf6 2. c4 e6 3. Nc3 Bb4 4. Nf3 O-O 5. Bg5 c5 6. Rc1 h6 7. Bh4 cxd4 8. Nxd4 d5 9. cxd5 g5 10. Bg3 Qxd5 11. a3 Bxc3+ 12. bxc3 Bd7 13. f3 e5 14. e4 Qc5 15. Nb3 Qe7 16. h4 Ba4 17. hxg5 Rd8 18. Qe2 hxg5 19. Qe3 Nfd7 20. Bc4 Kg7 21. Bxf7 Nc6 22. Bd5 Bxb3 23. Bxb3 Kg6 24. Kf2 Nf6 25. Bd5 Qxa3 26. Be6 Qb2+ 27. Kf1 Rh8 28. Bf5+ Kf7 29. Rxh8 Rxh8 30. Kg1 Rd8 31. Kh2 Qd2 32. Qxd2 Rxd2 33. Rb1 b6 34. Rb5 Nh5 35. Rd5 Nxg3 36. Kxg3 Rxd5 37. exd5 Nd8 38. Kg4 Kf6 39. d6 a5 40. Bc2 Ne6 41. d7 Ke7 42. Kf5 Kxd7 43. Kxe5 Nf4 44. g3 Ne2 45. f4 gxf4 46. gxf4 Nxc3 47. f5 b5 48. f6 b4 49. Bf5+ Ke8 50. Bg6+ Kf8 51. Kd4 a4 52. Bc2 a3 53. Bb3 a2 54. Bxa2 Nxa2 55. Kc4 Kf7 56. Kb3 Kxf6 57. Kxa2 b3+ 58. Kxb3 1/2-1/2

[Event "3rd Memorial Warakomska 2019"]
[Site "Suwalki"]
[Date "2019.08.06"]
[Round "2.11"]
[White "Karthik Venkataraman"]
[Black "Kulon, Klaudia"]
[Result "1/2-1/2"]
[ECO "C97"]
[WhiteElo "2480"]
[BlackElo "2331"]
[Annotator "ChessBase"]
[PlyCount "151"]
[EventDate "2019.08.05"]
[EventType "swiss"]
[EventCountry "POL"]
[SourceTitle "playchess.com"]
[Source "ChessBase"]
[SourceQuality "1"]
[TimeControl "40/5400+30:1800+30"]

1. e4 e5 2. Nf3 Nc6 3. Bb5 a6 4. Ba4 Nf6 5. O-O Be7 6. Re1 b5 7. Bb3 d6 8. c3 O-O 9. h3 Na5 10. Bc2 c5 11. d4 Qc7 12. d5 Bd7 13. Nbd2 c4 14. Nf1 Nb7 15. N3h2 g6 16. Bh6 Rfe8 17. Ng3 Kh8 18. Qd2 Ng8 19. Be3 Bf6 20. Rf1 Bg7 21. f4 exf4 22. Bxf4 Nd8 23. Nf3 f6 24. Nd4 Nf7 25. Be3 Ne5 26. Nge2 Nd3 27. Bxd3 cxd3 28. Ng3 h5 29. Qxd3 Qc4 30. Qc2 f5 31. Nf3 fxe4 32. Nh4 Ne7 33. Bg5 Kh7 34. Qxe4 Qxd5 35. Bf6 Qxe4 36. Nxe4 Nf5 37. Ng5+ Kg8 38. Bxg7 Kxg7 39. Nxf5+ Bxf5 40. Rad1 Re2 41. Rf2 Rxf2 42. Kxf2 Rd8 43. Rd4 Kf6 44. Nf3 Ke7 45. Ke3 Be6 46. a3 Rf8 47. Re4 Kd7 48. Rf4 Re8 49. Kf2 Ke7 50. Re4 Kd7 51. Kg3 Bf5 52. Rxe8 Kxe8 53. Kf4 Kf7 54. Nd4 Bc8 55. Nc2 Kf6 56. h4 Bb7 57. g3 Ba8 58. Ne3 Bc6 59. b4 Bb7 60. c4 bxc4 61. Nxc4 Ke6 62. Na5 Bg2 63. Nc4 Bc6 64. Ne3 Ba4 65. Ke4 Bc6+ 66. Kd4 Ba4 67. Nd5 Kf5 68. Ne3+ Ke6 69. Nc4 Bc6 70. Na5 Ba4 71. Nc4 Bc6 72. Nd2 Kf5 73. Ke3 Kg4 74. Kf2 Kf5 75. Ke3 Kg4 76. Kf2 1/2-1/2

[Event "3rd Memorial Warakomska 2019"]
[Site "Suwalki"]
[Date "2019.08.06"]
[Round "2.12"]
[White "Walter, Szymon"]
[Black "Galperin, Platon"]
[Result "0-1"]
[ECO "B23"]
[WhiteElo "2314"]
[BlackElo "2445"]
[Annotator "NA"]
[PlyCount "82"]
[EventDate "2019.08.05"]
[EventType "swiss"]
[EventCountry "POL"]
[SourceTitle "playchess.com"]
[Source "ChessBase"]
[SourceQuality "1"]
[TimeControl "40/5400+30:1800+30"]

1. e4 c5 2. Nc3 Nc6 3. f4 g6 4. Nf3 Bg7 5. Bb5 Nd4 6. O-O a6 7. Bc4 e6 8. d3 Ne7 9. Nxd4 Bxd4+ 10. Kh1 b5 11. Bb3 Bb7 12. Qe1 Qc7 13. Bd2 f5 14. Nd1 c4 15. dxc4 bxc4 16. Bc3 Bxc3 17. Qxc3 O-O 18. Ne3 fxe4 19. Bxc4 Rac8 20. Qd2 d5 21. Bb3 Rxf4 22. Rxf4 Qxf4 23. Rf1 Qd6 24. Rf6 Kg7 25. Qf2 Nf5 26. Nxf5+ gxf5 27. Qh4 Qe5 28. Qh6+ Kg8 29. Rxe6 Qxb2 30. h4 Kf7 31. h5 Qa1+ 32. Kh2 Rh8 33. Rb6 Qe5+ 34. g3 Bc8 35. Kg2 Rg8 36. Qe3 f4 37. Bxd5+ Qxd5 38. Qxf4+ Qf5 39. Qxf5+ Bxf5 40. Rxa6 Rc8 41. Kf2 Rc3 0-1